 Dungeon Crawl Stone Soup version 0.22-a0-161-g198051c (webtiles) character file.

154 tilp the Chiller (level 5, -1/52 HPs)
             Began as a Merfolk Ice Elementalist on Feb 11, 2018.
             Slain by a water moccasin skeleton (3 damage)
             ... on level 4 of the Dungeon.
             The game lasted 00:08:29 (4241 turns).

tilp the Chiller (Merfolk Ice Elementalist)         Turns: 4241, Time: 00:08:29

Health: -1/52      AC: 22    Str:  9    XL:     5   Next: 35%
Magic:  8/8        EV:  2    Int: 20    God:
Gold:   87         SH:  0    Dex: 14    Spells: 2/8 levels left

rFire    . . .     SeeInvis .   l - +0 short sword
rCold    . . .     Gourm    .   (no shield)
rNeg     + + +     Faith    .   (armour currently unavailable)
rPois    +         Spirit   .   (helmet currently unavailable)
rElec    .         Reflect  .   (cloak currently unavailable)
rCorr    .         Harm     .   (gloves currently unavailable)
MR       .....     NoTele   +   (boots currently unavailable)
Stlth    ++........             (no amulet)
HPRegen  0.17/turn              (no ring)
MPRegen  0.11/turn              (no ring)

@: brilliant, tree-form
A: (change form in water), (swift swim), (stealthy swim)
a: no special abilities


You were on level 4 of the Dungeon.
You were not hungry.
You were a tree.
You visited 1 branch of the dungeon, and saw 4 of its levels.

You collected 87 gold pieces.

Inventory:

Hand Weapons
 l - a +0 short sword (weapon)
 u - a +0 hunting sling
Missiles
 i - 183 stones (quivered)
 r - 3 poisoned tomahawks
 y - 16 sling bullets
Armour
 a - a +0 robe (melded)
 g - a +0 pair of gloves (melded)
 w - a +0 buckler
Jewellery
 j - an uncursed amulet of harm {unknown}
 k - a +1 ring of evasion {unknown}
Wands
 s - a wand of digging (9)
Scrolls
 d - 2 scrolls of identify {unknown}
 e - a scroll of remove curse {unknown}
 f - a scroll of amnesia {unknown}
Potions
 m - a potion of curing {unknown}
 o - a potion of brilliance
 p - a potion of flight
 q - a potion of ambrosia {unknown}
 t - a potion of agility {unknown}
 v - a potion of degeneration {unknown}
 x - a potion of resistance {unknown}
Books
 b - a book of Frost

   Spells                             Type                      Level
   a - Freeze                         Ice                          1
   b - Throw Frost                    Conjuration/Ice              2
   c - Ozocubu's Armour               Charms/Ice                   3
   d - Throw Icicle                   Conjuration/Ice              4
   e - Summon Ice Beast               Ice/Summoning                4
 n - a book of Necromancy

   Spells                             Type                      Level
   a - Pain                           Necromancy                   1
   b - Animate Skeleton               Necromancy                   1
   c - Vampiric Draining              Necromancy                   3
   d - Regeneration                   Charms/Necromancy            3
   e - Animate Dead                   Necromancy                   4
Comestibles
 c - 11 rations


   Skills:
 - Level 2.6 Dodging
 - Level 2.1 Stealth
 + Level 1.4 Shields
 - Level 2.0 Spellcasting
 - Level 0.7 Conjurations
 - Level 6.1 Ice Magic


You had 2 spell levels left.
You knew the following spells:

 Your Spells              Type           Power        Failure   Level  Hunger
a - Freeze                Ice            ####         1%          1    #......
b - Throw Frost           Conj/Ice       ####..       1%          2    ##.....
c - Ozocubu's Armour      Chrm/Ice       ####....     1%          3    ###....


Dungeon Overview and Level Annotations

Branches:
Dungeon (4/15)
 Temple: D:4-7

Altars:
Cheibriados
Elyvilon
Qazlal
Trog

Annotations:
D:3 Ijyb


Message History

The water moccasin skeleton is moderately damaged.
The water moccasin skeleton bites you but does no damage. x2
You hit the water moccasin skeleton.
The water moccasin skeleton is moderately damaged.
The water moccasin skeleton bites you but does no damage.
You hit the water moccasin skeleton.
The water moccasin skeleton is moderately damaged.
The water moccasin skeleton bites you but does no damage.
You barely miss the water moccasin skeleton.
The water moccasin skeleton is moderately damaged.
The water moccasin skeleton bites you.
* * * LOW HITPOINT WARNING * * *
The water moccasin skeleton bites you but does no damage.
You hit the water moccasin skeleton.
The water moccasin skeleton is heavily damaged.
The water moccasin skeleton bites you but does no damage.
You hit the water moccasin skeleton.
The water moccasin skeleton is heavily damaged.
The water moccasin skeleton bites you.
You die...

........#..#.#####..........#....
.......###..................#####
......$.#####...............# #
####.##...# #####.##..####### #
>.. ###.#######....## > # #%#
#...##......## .# # #.
#...........###.# # .
.######.########...#..# # .
.............♣Z......##### #
###.....##...####........# #
#####....### ##.###### #
#...<..######.# #
#..####......#.# # #..#
######.#.## # ...# #....# # ####
###......# # #...#### #


You could see a water moccasin skeleton.

Vanquished Creatures
  A bullfrog skeleton (D:4)
  A worker ant (D:4)
  An adder (D:2)
  A gnoll (D:1)
  An ooze (D:2)
  An adder skeleton (D:4)
  A worm (D:3)
  4 dart slugs
  6 orcs (D:3)
  2 ball pythons (D:3)
  7 bats
  4 giant cockroaches
  4 goblins
  7 hobgoblins
  4 jackals (D:3)
  6 kobolds
  A frilled lizard (D:1)
  2 rats
54 creatures vanquished.

Vanquished Creatures (others)
  A giant cockroach (D:4)
  A frilled lizard (D:4)
2 creatures vanquished.

Grand Total: 56 creatures vanquished

Notes
Turn   | Place    | Note
-------+----------+-------------------------------------------
     0 | D:1      | tilp the Merfolk Ice Elementalist began the quest for the Orb.
     0 | D:1      | Reached XP level 1. HP: 13/13 MP: 3/3
   262 | D:1      | Reached XP level 2. HP: 19/19 MP: 0/5
   266 | D:1      | Learned a level 2 spell: Throw Frost
   471 | D:1      | Reached skill level 4 in Ice Magic
   834 | D:2      | Found a white marble altar of Elyvilon.
  1219 | D:2      | Reached XP level 3. HP: 21/24 MP: 3/6
  1226 | D:2      | Learned a level 3 spell: Ozocubu's Armour
  1269 | D:2      | Found a bloodstained altar of Trog.
  1871 | D:1      | Reached skill level 5 in Ice Magic
  2006 | D:3      | Reached XP level 4. HP: 30/30 MP: 0/7
  2469 | D:3      | Found a snail-covered altar of Cheibriados.
  3221 | D:3      | Noticed Ijyb
  3590 | D:4      | Reached skill level 6 in Ice Magic
  3590 | D:4      | Reached XP level 5. HP: 9/35 MP: 5/8
  4010 | D:4      | Reached skill level 1 in Shields
  4078 | D:4      | Found a stormy altar of Qazlal.
  4239 | D:4      | HP: 2/52 [water moccasin skeleton (3)]
  4241 | D:4      | Slain by a water moccasin skeleton

Vault maps used:
D:1:      lightli_molten_gateway
D:2:      cheibrodos_old_hovel, bloody_trog, dk_vineyard_1,
          minmay_misc_feat_enclosed, elyvilon_altar_5
D:3:      kennysheep_slug_shrine, uniq_ijyb
D:4:      kennysheep_mini_moat, lemuel_coloured_pillars_altar,
          fiery_altar_vehumet, first_ration, minivault_5

Skill      XL: |  1  2  3  4  5 |
---------------+----------------+-----
Ice Magic      | 4 5 6 |  6.1
Shields        | 1 |  1.4
Dodging        | |  2.6
Stealth        | |  2.1
Spellcasting   | |  2.0
Conjurations   | |  0.7

Action                   |  1- 3 |  4- 6 || total
-------------------------+-------+-------++-------
Melee: Short sword       |     9 |    75 ||    84
 Cast: Freeze            |    33 |    35 ||    68
       Throw Frost       |     2 |     1 ||     3
       Ozocubu's Armour  |     1 |     5 ||     6
  Use: Potion            |       |     3 ||     3
 Stab: Sleeping          |     4 |     5 ||     9
  Eat: Chunk             |     4 |     9 ||    13
Armor: Robe              |     4 |    15 ||    19
       Skin              |       |     7 ||     7
Dodge: Dodged            |    24 |    74 ||    98

Table legend:
 A = Spawn XP
 B = Non-spawn XP
 C = Spawn XP percentage of total XP
 D = Spawn monster count
 E = Non-spawn monster count
 F = Spawn count percentage of total count
 G = Total turns spent on level
                    A         B        C        D         E        F      G
               +---------+---------+-------+---------+---------+-------+---------
         Total |       0 |     220 |   0.0 |       0 |      54 |   0.0 |  4241
               +---------+---------+-------+---------+---------+-------+---------
           D:1 |       0 |      35 |   0.0 |       0 |      11 |   0.0 |  1176
           D:2 |       0 |      41 |   0.0 |       0 |      13 |   0.0 |   753
           D:3 |       0 |      59 |   0.0 |       0 |      26 |   0.0 |  1822
           D:4 |       0 |      85 |   0.0 |       0 |       4 |   0.0 |   490
               +---------+---------+-------+---------+---------+-------+---------
